AoeStats
← La Hire

Arena

510411644Analyzed
4v4 RM · 2d ago on Sep 30, 2026· 38m 24s· 8 players
Game mode
Random Map
Map size
Large (8 player)
Population
200
Speed
Normal
Resources
Standard
Victory
Conquest
Starting age
Dark Age
Ending age
Imperial Age
RankedLock teamsTeams togetherTeam positionsShared explorationLock speedFull tech treeHidden civsTurbo modeCheats
Victory
Defeat
🇲🇽 Saracens · Mexico
1279
+14
🇨🇳 Jurchens · China
1233
+16
🇨🇴 Byzantines · Colombia
1231
+16
🇮🇹 Goths · Italy
1207
+17
🇺🇸 Bengalis · United States
1302
-19
🇦🇷 Danes · Argentina
1271
-17
🇦🇷 Persians · Argentina
1186
-14
🇫🇷 Hindustanis · France
1174
-13
AiM | Khaz
3:08 Loom
10:41 Feudal Age
14:29 Castle Age
12:35 Double-Bit Axe
13:23 Horse Collar
16:37 Bow Saw
21:48 Wheelbarrow
29:29 Imperial Age
27:15 Hand Cart
27:21 Scale Barding Armor
27:51 Stone Mining
27:52 Gold Mining
28:22 Heavy Plow
29:35 Gold Shaft Mining
29:25 Masonry
29:42 Chain Barding Armor
30:22 Bloodlines
30:13 Husbandry
31:07 Forging
31:34 Plate Barding Armor
31:08 Elite Mameluke
32:51 Conscription
33:20 Iron Casting
38:48 Blast Furnace
38:10 Siege Engineers
CyMi
10:43 Feudal Age
15:16 Castle Age
14:22 Double-Bit Axe
15:04 Horse Collar
16:54 Bow Saw
20:37 Loom
22:19 Wheelbarrow
23:26 Squires
MLT | Bombad Gastald
4:38 Loom
11:44 Feudal Age
15:45 Castle Age
13:56 Double-Bit Axe
14:31 Horse Collar
20:14 Man-at-Arms
21:08 Scale Mail Armor
21:19 Forging
20:52 Long Swordsman
25:56 Forging
32:07 Pikeman
37:38 Loom
La Hire
10:01 Feudal Age
14:19 Castle Age
12:46 Double-Bit Axe
13:29 Horse Collar
15:02 Loom
21:49 Heavy Plow
22:19 Bow Saw
24:31 Wheelbarrow
25:37 Scale Barding Armor
26:10 Hand Cart
27:23 Chain Barding Armor
27:14 Forging
27:22 Town Watch
27:37 Gold Mining
27:37 Stone Mining
28:05 Bloodlines
27:56 Husbandry
29:31 Iron Casting
32:00 Imperial Age
29:57 Light Cavalry
32:15 Siege Engineers
32:20 Masonry
32:33 Elite Steppe Lancer
33:49 Conscription
34:59 Blast Furnace
34:34 Plate Barding Armor
33:50 Fletching
34:04 Padded Archer Armor
36:20 Chemistry
35:42 Ballistics
37:30 Hoardings
38:50 Thunderclap Bombs
39:00 Leather Archer Armor
38:40 Bodkin Arrow
38:46 Scale Mail Armor
FATBOY <OBAMA>
10:12 Feudal Age
14:51 Castle Age
13:12 Double-Bit Axe
13:39 Horse Collar
15:44 Bow Saw
16:08 Heavy Plow
19:51 Heavy Plow
20:18 Loom
21:12 Wheelbarrow
21:40 Gold Mining
23:17 Hand Cart
26:24 Imperial Age
24:44 Hand Cart
25:05 Scale Barding Armor
25:10 Forging
25:05 Scale Barding Armor
27:15 Chain Barding Armor
27:30 Iron Casting
28:31 Plate Barding Armor
28:45 Elite Battle Elephant
29:35 Bloodlines
28:45 Elite Battle Elephant
32:11 Blast Furnace
33:28 Bloodlines
33:18 Husbandry
34:01 Gold Shaft Mining
33:16 Stone Mining
34:27 Paiks
34:42 Conscription
34:27 Paiks
Rhum
11:21 Feudal Age
14:55 Castle Age
14:10 Horse Collar
14:16 Double-Bit Axe
20:32 Wheelbarrow
21:35 Squires
21:58 Scale Mail Armor
21:45 Arson
23:19 Chain Mail Armor
23:48 Forging
26:47 Iron Casting
26:33 Hand Cart
Eros
12:29 Feudal Age
12:57 Feudal Age
13:11 Horse Collar
18:08 Castle Age
18:43 Double-Bit Axe
20:59 Bloodlines
20:59 Scale Barding Armor
22:15 Husbandry
22:27 Forging
24:59 Iron Casting
27:29 Gold Mining
27:56 Loom
28:38 Fletching
31:32 Bow Saw
34:14 Stone Mining
34:39 Heavy Plow
34:47 Scale Mail Armor
34:13 Pikeman
34:53 Squires
34:39 Gambesons
35:54 Wheelbarrow
36:17 Bodkin Arrow
37:14 Hand Cart
37:20 Hand Cart
Amante Peludo
10:05 Feudal Age
15:19 Castle Age
14:12 Double-Bit Axe
15:22 Loom
18:04 Horse Collar
27:11 Wheelbarrow
30:10 Imperial Age
28:07 Gold Mining
29:41 Squires
29:55 Forging
30:17 Hand Cart
30:40 Scale Mail Armor
33:15 Fletching
33:41 Padded Archer Armor
34:20 Conscription
33:34 Elite Jomsviking
34:29 Bodkin Arrow
35:33 Iron Casting
36:07 Gold Shaft Mining
37:05 Elite Varangian Guard
38:10 Elite Skirmisher
38:56 Thumb Ring
Connection lost

Rejoining the realm…

Still unreachable

The connection could not be restored.

Session expired

The server has moved on; the page needs a fresh start.